 Dungeon Crawl Stone Soup version 0.18.1-48-g4cf74bf (webtiles) character file.

36 PrikolusRex the Grave Robber (level 3, 0/19 HPs)
             Began as a Deep Elf Necromancer on Sept 1, 2016.
             Succumbed to an adder's poison
             ... on level 2 of the Dungeon.
             The game lasted 00:11:23 (1519 turns).

PrikolusRex the Grave Robber (Deep Elf Necromancer) Turns: 1519, Time: 00:11:24

Health: 0/19       AC:  3    Str:  5    XL:     3   Next: 19%
Magic:  3/10       EV: 12    Int: 19    God:
Gold:   19         SH:  0    Dex: 16    Spells: 2 memorised, 7 levels left

rFire  . . .     SeeInvis .     (no weapon)
rCold  . . .     Gourm    .     e - +0 leather armour (curse)
rNeg   . . .     Faith    .     (no shield)
rPois  .         Spirit   .     (no helmet)
rElec  .         Dismiss  .     (no cloak)
rCorr  .         Reflect  .     (no gloves)
SustAt .         Harm     .     (no boots)
MR     .....                    d - amulet of magic regeneration
Stlth  ++........               (no ring)
                                (no ring)

@: lethally poisoned (0 -> -10), very slightly contaminated, not resistant to
hostile enchantments, unstealthy
A: no striking features
a: no special abilities


You were on level 2 of the Dungeon.
You were not hungry.

You visited 1 branch of the dungeon, and saw 2 of its levels.

You collected 19 gold pieces.

Inventory:

Armour
 a - a +0 robe
 e - a cursed +0 leather armour (worn)
 o - a +0 plate armour
Jewellery
 d - an amulet of magic regeneration (around neck)
 g - an uncursed ring of fire {unknown}
Wands
 k - a wand of disintegration (12/24)
Scrolls
 f - a scroll of fear {unknown}
 j - a scroll of random uselessness {unknown}
 n - a scroll of identify {unknown}
Potions
 i - a potion of invisibility {unknown}
 m - a potion of magic {unknown}
Books
 b - a book of Necromancy

   Spells                             Type                      Level
   a - Pain                           Necromancy                   1
   b - Animate Skeleton               Necromancy                   1
   c - Vampiric Draining              Necromancy                   3
   d - Regeneration                   Charms/Necromancy            3
   e - Animate Dead                   Necromancy                   4
   f - Control Undead                 Necromancy                   4
Comestibles
 c - a bread ration
 h - a beef jerky
 l - a slice of pizza


   Skills:
 + Level 0.2 Armour
 + Level 2.5 Dodging
 + Level 2.9 Stealth
 + Level 3.5 Spellcasting
 + Level 5.5 Necromancy


You had 7 spell levels left.
You knew the following spells:

 Your Spells              Type           Power        Failure   Level  Hunger
a - Pain                  Necr           ###.         2%          1    None
b - Animate Skeleton      Necr           N/A          2%          1    None


Dungeon Overview and Level Annotations

Branches:
Dungeon (2/15)

Altars:


Message History

* * * LOW HITPOINT WARNING * * *
You feel sick. The adder bites you.
* * * LOW HITPOINT WARNING * * *
You are more poisoned.
The adder poisons you! The adder bites you but does no damage.
Casting: Pain
Confirm with . or Enter, or press ? or * to list all spells.
Aiming: Pain
Press: ? - help, Shift-Dir - straight line, f/p - adder
Aim: an adder (severely wounded, chance to defeat MR: 88%)
The adder barely resists.
* * * LOW HITPOINT WARNING * * *
You feel sick. The adder barely misses you.
Casting: Pain
Confirm with . or Enter, or press ? or * to list all spells.
Aiming: Pain
Press: ? - help, Shift-Dir - straight line, f/p - adder
Aim: an adder (severely wounded, chance to defeat MR: 88%)
The adder barely resists.
The adder bites you but does no damage.
You die...

#...# ... #...# ....
#...### ..J..
#.....# ####......
#...#.# ###.........
#.###.###...####....
#.# #.##..### #
#.###....##
#rS.@..###### ##
#g####......## ###.
......K†# ######..##
#... .....##.# ##..#
##... .... ...
.#######.###...# ...
#.# ......##.....###
.. .K#
######......### .
... ........#.....#
.## ..........#####


You could see an adder, a hobgoblin and a rat.

Vanquished Creatures
  An adder (D:2)
  A worm (D:2)
  2 dart slugs (D:1)
  A giant gecko (D:1)
  A bat (D:1)
  A giant cockroach (D:2)
  5 goblins
  A hobgoblin (D:1)
  3 kobolds (D:1)
  5 rats
21 creatures vanquished.

Vanquished Creatures (collateral kills)
  A kobold (D:1)
1 creature vanquished.

Grand Total: 22 creatures vanquished

Notes
Turn   | Place    | Note
--------------------------------------------------------------
     0 | D:1      | PrikolusRex the Deep Elf Necromancer began the quest for the Orb.
     0 | D:1      | Reached XP level 1. HP: 10/10 MP: 6/6
     2 | D:1      | Learned a level 1 spell: Animate Skeleton
   200 | D:1      | Reached skill level 5 in Necromancy
   366 | D:1      | Reached XP level 2. HP: 13/15 MP: 6/8
  1192 | D:2      | Reached XP level 3. HP: 14/19 MP: 7/10
  1519 | D:2      | Succumbed to an adder's poison

Skill      XL: |  1 |
---------------+----+-----
Necromancy     | 5 |  5.5
Armour         | |  0.2
Dodging        | |  2.5
Stealth        | |  2.9
Spellcasting   | |  3.5

Action                   || total
-------------------------++-------
Melee: Unarmed           ||     2
 Cast: Pain              ||    39
       Animate Skeleton  ||     8
  Eat: Beef jerky        ||     1
Armor: Leather armour    ||     3
Dodge: Dodged            ||    11
